AoeStats
← |GaoeG| flamingo

Arena

507833225Analyzed
4v4 RM · 13d ago on Sep 19, 2026· 100m 14s· 8 players
Game mode
Random Map
Map size
Large (8 player)
Population
200
Speed
Normal
Resources
Standard
Victory
Conquest
Starting age
Dark Age
Ending age
Imperial Age
RankedLock teamsTeams togetherTeam positionsShared explorationLock speedFull tech treeHidden civsTurbo modeCheats
Victory
Defeat
🇪🇸 Bengalis · Spain
1366
+10
🇪🇸 Spanish · Spain
1339
+11
🇪🇸 Franks · Spain
1215
+16
🇪🇸 Burgundians · Spain
1183
+17
🇨🇭 Persians · Switzerland
1263
-15
🇬🇧 Slavs · United Kingdom
1231
-14
🇩🇪 Koreans · Germany
1198
-13
🇲🇽 Turks · Mexico
1186
-12
Chianti | AwE
10:55 Feudal Age
12:22 Wheelbarrow
14:58 Castle Age
13:05 Double-Bit Axe
13:09 Horse Collar
14:14 Loom
15:54 Bow Saw
15:45 Heavy Plow
16:24 Gold Mining
22:41 Hand Cart
31:35 Forging
31:25 Scale Mail Armor
34:31 Imperial Age
33:04 Gold Shaft Mining
32:19 Stone Mining
33:09 Iron Casting
33:54 Chain Mail Armor
33:47 Pikeman
34:28 Squires
34:35 Halberdier
35:20 Druzhina
36:33 Blast Furnace
36:03 Plate Mail Armor
37:44 Capped Ram
39:22 Crop Rotation
39:54 Two-Man Saw
38:46 Siege Ram
41:07 Siege Engineers
42:45 Man-at-Arms
44:43 Long Swordsman
44:54 Long Swordsman
46:40 Two-Handed Swordsman
46:49 Onager
47:39 Champion
50:30 Siege Onager
54:42 Chemistry
54:02 Ballistics
53:53 Masonry
53:39 Murder Holes
53:54 Fortified Wall
58:06 Scale Barding Armor
57:58 Light Cavalry
58:39 Husbandry
58:50 Bloodlines
59:10 Hussar
60:37 Chain Barding Armor
63:59 Plate Barding Armor
67:10 Detinets
67:46 Hoardings
67:32 Conscription
70:43 Fletching
71:19 Bodkin Arrow
72:23 Elite Boyar
optional_cookie
11:04 Feudal Age
14:52 Castle Age
12:49 Double-Bit Axe
12:52 Horse Collar
16:23 Bow Saw
22:13 Wheelbarrow
22:34 Heavy Plow
23:19 Scale Barding Armor
23:42 Forging
25:19 Chain Barding Armor
25:34 Iron Casting
28:25 Husbandry
28:36 Bloodlines
28:57 Hand Cart
31:54 Imperial Age
31:37 Heavy Camel Rider
32:58 Plate Barding Armor
34:46 Chemistry
41:20 Caravan
42:03 Pikeman
42:44 Scale Mail Armor
43:12 Squires
44:13 Blast Furnace
44:28 Chain Mail Armor
45:17 Blast Furnace
43:38 Halberdier
45:50 Light Cavalry
46:55 Hussar
48:08 Plate Mail Armor
47:50 Loom
51:55 Elite Skirmisher
52:26 Fletching
52:37 Padded Archer Armor
53:10 Cavalier
56:45 Savar
58:00 Bodkin Arrow
58:49 Murder Holes
59:54 Coinage
63:28 Banking
79:04 Conscription
88:22 Leather Archer Armor
88:34 Elite War Elephant
92:49 Ring Archer Armor
Thorin Escudo de Roble
8:18 Loom
10:32 Feudal Age
15:28 Castle Age
13:49 Double-Bit Axe
19:33 Gold Mining
21:56 Padded Archer Armor
24:50 Leather Archer Armor
27:54 Wheelbarrow
32:56 Imperial Age
34:28 Hand Cart
34:37 Bow Saw
34:09 Horse Collar
37:11 Ring Archer Armor
41:20 Two-Man Saw
40:21 Heavy Plow
44:22 Scale Barding Armor
44:28 Forging
45:31 Bloodlines
45:22 Husbandry
50:39 Chain Barding Armor
50:55 Iron Casting
BondTrustee
1:42 Loom
10:47 Feudal Age
15:24 Castle Age
13:40 Double-Bit Axe
13:45 Horse Collar
16:20 Bow Saw
17:40 Wheelbarrow
19:38 Fletching
24:02 Stone Mining
24:05 Gold Mining
28:03 Bodkin Arrow
29:50 Hand Cart
29:47 Heavy Plow
34:08 Imperial Age
32:21 Ballistics
31:57 Murder Holes
31:38 Crossbowman
33:05 Gold Shaft Mining
33:44 Thumb Ring
33:53 Fortified Wall
34:17 Arbalester
34:59 Bracer
36:45 Chemistry
37:10 Conscription
37:57 Siege Engineers
38:39 Elite Skirmisher
39:29 Arrowslits
44:04 Masonry
45:43 Capped Ram
47:54 Town Watch
50:04 Eupseong
50:43 Squires
53:35 Architecture
56:30 Pikeman
57:12 Scale Mail Armor
57:23 Forging
65:17 Two-Man Saw
68:23 Arson
74:45 Chain Mail Armor
75:06 Iron Casting
76:00 Caravan
77:01 Plate Mail Armor
82:07 Halberdier
JITANOmaleant7
11:16 Feudal Age
12:29 Loom
15:22 Castle Age
13:48 Double-Bit Axe
14:05 Horse Collar
14:38 Gold Mining
16:15 Wheelbarrow
16:47 Bow Saw
17:07 Fletching
17:58 Fletching
20:22 Bodkin Arrow
26:04 Padded Archer Armor
26:28 Bloodlines
26:18 Husbandry
29:01 Ballistics
33:59 Imperial Age
32:55 Hand Cart
33:55 Gold Shaft Mining
35:50 Chemistry
34:52 Bracer
35:31 Conscription
36:47 Leather Archer Armor
36:32 Scale Mail Armor
37:04 Squires
36:25 Pikeman
38:19 Halberdier
39:16 Chain Mail Armor
39:12 Forging
42:07 Elite Skirmisher
45:07 Ring Archer Armor
45:56 Iron Casting
48:51 Caravan
50:59 Blast Furnace
57:21 Scale Barding Armor
58:42 Chain Barding Armor
59:31 Light Cavalry
59:35 Elite Battle Elephant
63:08 Plate Barding Armor
65:05 Light Cavalry
ErafaE
11:22 Feudal Age
14:58 Castle Age
13:01 Double-Bit Axe
16:00 Bow Saw
23:02 Wheelbarrow
23:08 Gold Mining
24:41 Hand Cart
24:51 Loom
25:47 Gold Shaft Mining
29:26 Imperial Age
28:11 Scale Barding Armor
28:16 Forging
28:22 Husbandry
29:29 Chain Barding Armor
28:32 Light Cavalry
29:46 Town Watch
30:37 Iron Casting
29:45 Cavalier
31:39 Coinage
32:15 Plate Barding Armor
32:10 Town Patrol
33:14 Blast Furnace
31:50 Paladin
34:49 Conscription
34:31 Chivalry
39:02 Chemistry
37:55 Fletching
41:43 Bodkin Arrow
46:08 Pikeman
46:49 Squires
46:35 Arson
46:51 Scale Mail Armor
48:25 Ballistics
47:40 Halberdier
54:12 Chain Mail Armor
58:21 Plate Mail Armor
74:02 Banking
84:53 Elite Skirmisher
85:35 Padded Archer Armor
86:53 Leather Archer Armor
91:54 Murder Holes
98:30 Masonry
|GaoeG| Joseba77
6:38 Double-Bit Axe
8:24 Horse Collar
11:56 Feudal Age
16:17 Castle Age
14:36 Bow Saw
14:47 Gold Mining
20:12 Heavy Plow
24:06 Two-Man Saw
23:23 Loom
25:28 Wheelbarrow
26:02 Crop Rotation
29:20 Imperial Age
26:59 Scale Barding Armor
27:07 Stone Mining
27:29 Forging
28:03 Crop Rotation
28:12 Gold Shaft Mining
27:55 Hand Cart
27:16 Cavalier
28:35 Husbandry
29:29 Chain Barding Armor
30:18 Iron Casting
29:10 Light Cavalry
29:41 Paladin
31:08 Plate Barding Armor
31:41 Coinage
32:18 Blast Furnace
31:38 Hussar
34:49 Burgundian Vineyards
38:12 Chemistry
39:15 Hoardings
38:54 Masonry
38:25 Treadmill Crane
40:01 Conscription
40:16 Architecture
40:06 Padded Archer Armor
41:12 Banking
41:31 Fortified Wall
41:44 Ballistics
41:43 Leather Archer Armor
42:34 Stone Shaft Mining
42:47 Elite Skirmisher
43:19 Fletching
45:29 Bodkin Arrow
45:43 Caravan
49:29 Guard Tower
49:43 Bracer
55:28 Keep
54:39 Arrowslits
77:55 Scale Mail Armor
77:28 Pikeman
78:09 Squires
77:55 Arson
80:02 Chain Mail Armor
|GaoeG| flamingo
11:23 Feudal Age
15:18 Castle Age
15:01 Double-Bit Axe
14:59 Horse Collar
18:01 Bow Saw
17:55 Heavy Plow
22:06 Loom
22:59 Fletching
36:07 Gold Mining
38:37 Wheelbarrow
41:09 Imperial Age
38:48 Town Watch
39:22 Elite Skirmisher
40:08 Thumb Ring
40:08 Padded Archer Armor
40:04 Bodkin Arrow
40:32 Ballistics
41:29 Leather Archer Armor
41:27 Heavy Cavalry Archer
43:15 Chemistry
42:56 Bracer
43:27 Ring Archer Armor
43:55 Conscription
44:27 Stone Mining
45:58 Hand Cart
50:37 Scale Mail Armor
51:07 Ring Archer Armor
53:28 Squires
52:48 Pikeman
53:45 Chain Mail Armor
53:37 Scale Barding Armor
56:19 Plate Mail Armor
55:12 Halberdier
57:08 Chain Barding Armor
56:59 Forging
58:39 Husbandry
58:50 Bloodlines
58:56 Bloodlines
58:07 Cavalier
61:33 Plate Barding Armor
61:34 Iron Casting
60:23 Paladin
67:39 Light Cavalry
69:47 Hussar
80:13 Arson
87:19 Blast Furnace
Connection lost

Rejoining the realm…

Still unreachable

The connection could not be restored.

Session expired

The server has moved on; the page needs a fresh start.